 Dungeon Crawl Stone Soup version 0.30-a0-782-ge64f9170bb (webtiles) character file.

Game seed: 3363408411960741075

644 Goldberg the Chopper (level 7, -1/54 HPs)
             Began as a Human Fighter on Feb 19, 2023.
             Was a Believer of Fedhas.
             Succumbed to a gnoll's poison
             ... on level 4 of the Dungeon.
             The game lasted 00:14:52 (3312 turns).

Goldberg the Chopper (Human Fighter)                Turns: 3312, Time: 00:14:52

Health: -1/54      AC: 14    Str: 19    XL:     7   Next: 81%
Magic:  7/7        EV:  5    Int:  8    God:    Fedhas [**....]
Gold:   110        SH:  5    Dex: 12    Spells: 6/6 levels left

rFire   . . .      SeeInvis .    p - +1 war axe (freeze)
rCold   . . .      Faith    .    c - +0 buckler
rNeg    + . .      Spirit   .    r - +0 plate armour
rPois   .          Reflect  .    o - +2 hat
rElec   .          Harm     .    (no cloak)
rCorr   .          Rampage  .    (no gloves)
Will    .....                    (no boots) Stlth
                                 (no amulet)
HPRegen 0.29/turn                v - ring of positive energy
MPRegen 0.10/turn                (no ring)

@: lethally poisoned (-1 -> -29)
A: no striking features
a: Renounce Religion, Wall of Briars


You were on level 4 of the Dungeon.
You worshipped Fedhas.
Fedhas was pleased with you.
You visited 1 branch of the dungeon, and saw 4 of its levels.

You collected 110 gold pieces.

Inventory:

Hand Weapons
 a - a +0 war axe
 p - a +1 war axe of freezing (weapon)
Missiles
 e - 6 boomerangs (quivered)
 f - 3 curare-tipped darts
 g - 7 poisoned darts
 j - 4 javelins
Armour
 b - a +0 scale mail
 c - a +0 buckler (worn)
 o - a +2 hat (worn)
 r - a +0 plate armour (worn)
Jewellery
 v - a ring of positive energy (left hand)
Wands
 s - a wand of flame (20)
Scrolls
 i - 2 scrolls of poison
 l - a scroll of immolation {unknown}
 m - 2 scrolls of teleportation
 n - a scroll of brand weapon {unknown}
 q - a scroll of fear {unknown}
Potions
 d - a potion of might
 h - 2 potions of haste
 k - a potion of curing {unknown}
 t - a potion of brilliance
 w - a potion of attraction {unknown}


   Skills:
 + Level 4.1 Fighting
 + Level 5.7 Axes
 + Level 0.2 Throwing
 + Level 4.8 Armour
 - Level 1.4 Dodging
 + Level 3.8 Shields


You had 6 spell levels left.
You didn't know any spells.
Your spell library contained the following spells:

 Spells                   Type           Power      Damage    Failure   Level
 Necrotise                Necr           0%         1d4       100%        1
 Stone Arrow              Conj/Erth      0%         3d7       100%        3
 Vampiric Draining        Necr           0%         2d6       100%        3
 Animate Armour           Summ/Erth      0%         N/A       100%        4
 Agony                    Necr           0%         N/A       100%        5
 Lehudib's Crystal Spear  Conj/Erth      0%         10d2      100%        8


Dungeon Overview and Level Annotations

Branches:
Dungeon (4/15)
 Temple: D:4-7

Altars:
Cheibriados
Fedhas
Yredelemnul


Message History

You slash the gnoll! You freeze the gnoll.
The gnoll is almost dead.
You feel sick. The gnoll hits you but does no damage.
You are more poisoned.
You block the gnoll's attack.
You feel very sick. The gnoll completely misses you.
The gnoll hits you with a +0 spear.
The gnoll hits you with a +1 spear of venom.
You are more poisoned.
You barely miss the gnoll. x2; You hit the gnoll.
You freeze the gnoll.
You feel very sick. The gnoll hits you with a +0 halberd.
The gnoll hits you but does no damage. You block the gnoll's attack.
You hit the gnoll. You freeze the gnoll.
The gnoll is heavily wounded.
You barely miss the gnoll. You slash the gnoll! You freeze the gnoll.
You kill the gnoll!
Fedhas appreciates your contribution to the ecosystem.
You feel very sick.
The gnoll hits you but does no damage. x2
You are lethally poisoned!
The gnoll hits you but does no damage. x2
You are more poisoned.
You hit the gnoll. You freeze the gnoll.
The gnoll is almost dead.
You hit the gnoll but do no damage.
* * * LOW HITPOINT WARNING * * *
You feel extremely sick. The gnoll hits you but does no damage.
You are more poisoned.
The gnoll hits you with a +0 spear.
* * * LOW HITPOINT WARNING * * *
You hit the gnoll. You freeze the gnoll.
You kill the gnoll!
Fedhas appreciates your contribution to the ecosystem.
You slash the gnoll! You freeze the gnoll.
You kill the gnoll!
Fedhas appreciates your contribution to the ecosystem.
You die...
Fedhas appreciates your contribution to the ecosystem.

#............###..
#.....#...#######.......
#.....#...# #.......
#.....#...### #...(...
#...........#####.......
............##........#.
............##.......#..
......))....##.......#..
.......@)._.##..........
#...........####........
#...........###.........
###########..#...######.
##.>..........
######.####.# ... . .#.#
.....


There were no monsters in sight!

Vanquished Creatures
  Grinder (D:3)
  The ghost of Pascal76 the Covered, an amateur AtBe of Yredelemnul (D:3)
  A hound (D:4)
  An orc priest (D:4)
  Jessica (D:3)
  2 orc wizards (D:3)
  Robin (D:3)
  9 gnolls
  An adder zombie (D:3)
  2 worms
  A dart slug (D:1)
  10 orcs
  5 ball pythons
  5 endoplasms
  2 giant cockroaches (D:1)
  16 goblins
  5 hobgoblins
  10 jackals
  A quokka (D:1)
  5 bats
  3 frilled lizards
  A giant cockroach zombie (D:3)
  5 kobolds
  4 rats
  A bush (D:1)
94 creatures vanquished.

Vanquished Creatures (others)
  A plant (D:1)
1 creature vanquished.

Grand Total: 95 creatures vanquished

Notes
Turn   | Place    | Note
-------+----------+-------------------------------------------
     0 | D:1      | Goldberg the Human Fighter began the quest for the Orb.
     0 | D:1      | Reached XP level 1. HP: 18/18 MP: 1/1
   151 | D:1      | Reached XP level 2. HP: 24/24 MP: 2/2
   203 | D:1      | Reached XP level 3. HP: 27/29 MP: 3/3
  1310 | D:2      | Found a faded altar of an unknown god.
  1333 | D:2      | Prayed at the altar of an unknown god.
  1333 | D:2      | Became a worshipper of Fedhas Madash
  1333 | D:2      | Reached * piety under Fedhas
  1488 | D:2      | Reached XP level 4. HP: 35/35 MP: 4/4
  2025 | D:3      | Reached skill level 3 in Axes
  2062 | D:3      | Noticed Grinder
  2070 | D:3      | Reached XP level 5. HP: 14/41 MP: 5/5
  2096 | D:3      | Noticed Robin
  2097 | D:3      | Paralysed by Grinder for 3 turns
  2106 | D:3      | Killed Grinder
  2107 | D:3      | Reached skill level 4 in Axes
  2107 | D:3      | Reached skill level 1 in Dodging
  2107 | D:3      | Reached XP level 6. HP: 10/48 MP: 6/6
  2112 | D:3      | Killed Robin
  2112 | D:3      | Reached ** piety under Fedhas
  2285 | D:3      | Noticed Jessica
  2319 | D:3      | Killed Jessica
  2449 | D:3      | Reached XP level 7. HP: 29/53 MP: 7/7
  2840 | D:3      | Found a runed translucent gate.
  2840 | D:3      | Found a runed translucent gate.
  2840 | D:3      | Found a runed translucent gate.
  2840 | D:3      | Noticed Pascal76's ghost (amateur AtBe)
  2842 | D:3      | Found a basalt altar of Yredelemnul.
  2868 | D:3      | Killed Pascal76's ghost
  2869 | D:3      | Reached skill level 5 in Axes
  3298 | D:4      | Found a snail-covered altar of Cheibriados.
  3312 | D:4      | Succumbed to a gnoll's poison

Illustrated notes

Levels and vault maps discovered:
D:1:      dpeg_arrival_renting, layout_rooms, serial_forest,
          infiniplex_forest_straight_2, infiniplex_forest_lined_3,
          infiniplex_forest_clump_small, infiniplex_forest_clump_medium,
          infiniplex_forest_clump_medium, infiniplex_forest_straight_2,
          infiniplex_forest_straight_2, infiniplex_forest_lined_room_3,
          infiniplex_forest_end_2, kennysheep_pointless_box
D:2:      layout_basic, basic_ecumenical_altar,
          amcnicky_mini_rare_corridor_liquid
D:3:      layout_rooms, nicolae_yredelemnul_ghost_church, nicolae_grassy_gnolls,
          uniq_robin, uniq_grinder, uniq_jessica
D:4:      layout_basic, cheibriados_altar_1, mainiacjoe_overflow_cross_hatched,
          pdpol_wu_jian_five_deadly_venoms, gup_sewer_entry_pipe,
          minmay_misc_feat_ornament

Skill      XL: |  1  2  3  4  5  6  7 |
---------------+----------------------+-----
Axes           | 3 4 5 |  5.7
Armour         | 4 |  4.8
Dodging        | 1 |  1.4
Fighting       | 4 |  4.1
Throwing       | |  0.2
Shields        | |  3.8

Action                     |  1- 3 |  4- 6 |  7- 9 || total
---------------------------+-------+-------+-------++-------
  Melee: War axe           |   191 |    69 |    64 ||   324
  Throw: Boomerang         |     3 |       |     1 ||     4
    Use: Scroll            |     1 |     1 |     1 ||     3
         Potion            |       |     2 |       ||     2
 Armour: Scale mail        |    72 |    29 |       ||   101
         Plate armour      |       |       |    48 ||    48
  Dodge: Dodged            |    67 |    41 |    18 ||   126
  Block: Buckler           |    37 |    24 |    21 ||    82

Table legend: (Time is in decaauts)
 A = Elapsed time spent in this place.
 B = Non-inter-level travel time spent in this place.
 C = Inter-level travel time spent in this place.
 D = Time resting spent in this place.
 E = Time spent auto-exploring this place.
 F = Levels seen in this place.
 G = Mean time per level.
                   A        B        C        D        E       F      G
               +--------+--------+--------+--------+--------+-----+--------+
         Total |   3438 |   3368 |     70 |    388 |    975 |   4 |  859.5 |
       Dungeon |   3438 |   3368 |     70 |    388 |    975 |   4 |  859.5 |
               +--------+--------+--------+--------+--------+-----+--------+

Top non-repeatable levels by time:
     D:1: 1068 daAuts
     D:2: 1037 daAuts
     D:3: 1017 daAuts
     D:4: 314 daAuts
